 Dungeon Crawl Stone Soup version 0.22-a0-469-gf26638a (webtiles) character file.

73 protoss039 the Magician (level 4, 0/36 HPs)
             Began as a Deep Elf Wizard on June 11, 2018.
             Succumbed to an adder's poison
             ... on level 2 of the Dungeon.
             The game lasted 00:06:25 (1345 turns).

protoss039 the Magician (Deep Elf Wizard)           Turns: 1345, Time: 00:06:25

Health: 0/36       AC: 22    Str:  3 (4)  XL:     4   Next: 8%
Magic:  2/12       EV:  2    Int: 22 (24) God:
Gold:   36         SH:  0    Dex: 15 (18) Spells: 10/11 levels left

rFire    . . .     SeeInvis .   (no weapon)
rCold    . . .     Gourm    .   (no shield)
rNeg     + + +     Faith    .   (armour currently unavailable)
rPois    +         Spirit   .   (helmet currently unavailable)
rElec    .         Reflect  .   (cloak currently unavailable)
rCorr    .         Harm     .   (gloves currently unavailable)
MR       .....     NoTele   +   (boots currently unavailable)
Stlth    +++.......             (no amulet)
HPRegen  0.12/turn              (no ring)
MPRegen  0.13/turn              (no ring)

@: agile, lethally poisoned (0 -> -1), tree-form (expiring)
A: no striking features
a: no special abilities


You were on level 2 of the Dungeon.
You were not hungry.
You were a tree.
You visited 1 branch of the dungeon, and saw 2 of its levels.

You collected 36 gold pieces.

Inventory:

Armour
 a - a +0 robe (melded)
 b - a +0 hat (melded)
Scrolls
 c - a scroll of identify
 f - 2 scrolls of blinking
 g - a scroll of enchant weapon
 h - a scroll of remove curse
Potions
 e - a potion of agility
 j - a potion of lignification
Comestibles
 d - 3 rations
 i - 6 chunks of flesh


   Skills:
 - Level 2.4 Dodging
 - Level 2.4 Stealth
 - Level 4.4 Spellcasting
 + Level 4.4 Conjurations
   Level 1.1 Summonings
   Level 1.1 Translocations


You had 10 spell levels left.
You knew the following spells:

 Your Spells              Type           Power        Failure   Level  Hunger
a - Magic Dart            Conj           ###.         1%          1    None

Your spell library contained the following spells:

 Spells                   Type           Power        Failure   Level  Hunger
 Conjure Flame            Conj/Fire      ##......     13%         3    ##.....
 Slow                     Hex            #.......     16%         2    #......
 Mephitic Cloud           Conj/Pois/Air  ##......     19%         3    ##.....
 Blink                    Tloc           N/A          11%         2    #......
 Call Imp                 Summ           #.......     11%         2    #......


Dungeon Overview and Level Annotations

Branches:
Dungeon (2/15)

Altars:


Message History

Unknown command.
Unknown command.
Okay, then.
None of your equipped items are cursed.
Unknown command.
There is a lethal amount of poison in your body!
Unknown command.
* * * LOW HITPOINT WARNING * * *
You feel sick.
Unknown command.
Unknown command.
* * * LOW HITPOINT WARNING * * *
You feel sick.
Your transformation is almost over.
Unknown command.
Unknown command.
* * * LOW HITPOINT WARNING * * *
You feel sick.
Unknown command.
You die...

##..#..........##..#
#...
.(....##.##.#####..#
#.##
.#..####.##........####
##.##
.#..####.###..........#
#...# .........#
#.##.......# #...#
.##.###### #.##.##.##.#
#÷..# .##.#
.##.##.##)## #....
....#
#........######..)#
.##.#
#.♣......#.........
.##.#
#..#.##..†.........
....#
#..#..#..#...>...).
##..#
#..##.#.>######...#
##..# #........# ##....
....# #.......## #.....
##.## #####.### ##...#
##.#### #^####### #...#
......# #######.......#
##...


There were no monsters in sight!

Vanquished Creatures
  4 adders (D:2)
  2 dart slugs (D:2)
  2 giant cockroaches
  2 goblins
  8 hobgoblins
  2 jackals (D:1)
  3 kobolds (D:1)
  3 bats
  4 frilled lizards
  5 rats
35 creatures vanquished.

Notes
Turn   | Place    | Note
-------+----------+-------------------------------------------
     0 | D:1      | protoss039 the Deep Elf Wizard began the quest for the Orb.
     0 | D:1      | Reached XP level 1. HP: 10/10 MP: 7/7
   190 | D:1      | Reached XP level 2. HP: 15/15 MP: 1/9
  1147 | D:2      | Reached XP level 3. HP: 18/19 MP: 6/10
  1326 | D:2      | Reached XP level 4. HP: 3/24 MP: 0/12
  1337 | D:2      | HP: 1/36 [poisoned by an adder]
  1345 | D:2      | Succumbed to an adder's poison

Vault maps used:
D:1:      dpeg_arrival_oval, minmay_misc_feat_columns, serial_bayou_lake_a

Skill      XL: |  1  2  3 |
---------------+----------+-----
Conjurations   | 2 3 4 |  4.4
Dodging        | |  2.4
Stealth        | |  2.4
Spellcasting   | |  4.4
Summonings     | |  1.1
Translocations | |  1.1

Action                   |  1- 3 |  4- 6 || total
-------------------------+-------+-------++-------
Melee: Unarmed           |    11 |       ||    11
 Cast: Magic Dart        |    78 |     1 ||    79
  Use: Scroll            |       |     3 ||     3
       Potion            |       |     3 ||     3
  Eat: Chunk             |     1 |       ||     1
Armor: Robe              |     3 |       ||     3
Dodge: Dodged            |    13 |       ||    13

Table legend:
 A = Spawn XP
 B = Non-spawn XP
 C = Spawn XP percentage of total XP
 D = Spawn monster count
 E = Non-spawn monster count
 F = Spawn count percentage of total count
 G = Total turns spent on level
                    A         B        C        D         E        F      G
               +---------+---------+-------+---------+---------+-------+---------
         Total |       0 |     105 |   0.0 |       0 |      35 |   0.0 |  1345
               +---------+---------+-------+---------+---------+-------+---------
           D:1 |       0 |      25 |   0.0 |       0 |      17 |   0.0 |   970
           D:2 |       0 |      80 |   0.0 |       0 |      18 |   0.0 |   375
               +---------+---------+-------+---------+---------+-------+---------
